 Dungeon Crawl Stone Soup version 0.22.1-1-ga44c0e5 (webtiles) character file.

2860 Folque the Digger (level 9, -6/72 HPs)
             Began as a Black Draconian Earth Elementalist on Nov 1, 2018.
             Was a Follower of Sif Muna.
             Killed by the malice of Vehumet (30 damage)
             ... on level 8 of the Dungeon.
             The game lasted 00:27:31 (7031 turns).

Folque the Digger (DrEE)                            Turns: 7031, Time: 00:27:32

Health: -6/72      AC:  9    Str: 10    XL:     9   Next: 47%
Magic:  0/18       EV: 12    Int: 20    God:    Sif Muna [*.....]
Gold:   403        SH:  0    Dex: 11    Spells: 4/20 levels left

rFire    . . .     SeeInvis .   l - +2 war axe (venom)
rCold    . . .     Gourm    .   (no shield)
rNeg     . . .     Faith    .   (armour unavailable)
rPois    .         Spirit   .   (helmet restricted)
rElec    +         Reflect  .   s - +0 cloak
rCorr    .         Harm     .   (no gloves)
MR       +....                  y - +0 pair of boots
Stlth    ++........             (no amulet)
HPRegen  0.22/turn              p - ring of protection from magic
MPRegen  0.16/turn              (no ring)

@: short of breath, very slightly contaminated, divine energy
A: breathe lightning, unfitting armour, electricity resistance, cold-blooded, AC
+7
a: Breathe Lightning, Stop Divine Energy, Renounce Religion


You were on level 8 of the Dungeon.
You worshipped Sif Muna.
Sif Muna was aware of your devotion.
You were not hungry.

You visited 2 branches of the dungeon, and saw 9 of its levels.

You collected 403 gold pieces.

Inventory:

Hand Weapons
 d - a +0 short sword
 g - a +5 scimitar
 l - a +2 war axe of venom (weapon)
Missiles
 b - 163 stones (quivered)
 r - 28 poisoned needles
Armour
 s - a +0 cloak (worn)
 y - a +0 pair of boots (worn)
Jewellery
 p - a ring of protection from magic (left hand)
 A - an uncursed ring of magical power {unknown}
 C - an uncursed ring of poison resistance {unknown}
Wands
 x - a wand of random effects (32)
 z - a wand of digging (24)
Scrolls
 f - 5 scrolls of remove curse
 j - 3 scrolls of noise
 n - a scroll of silence {unknown}
 o - 3 scrolls of amnesia
 q - 3 scrolls of teleportation
 u - a scroll of fear
 w - a scroll of blinking
 B - a scroll of enchant weapon {unknown}
 D - 3 scrolls of enchant armour {unknown}
 E - 2 scrolls of fog
 F - a scroll of brand weapon {unknown}
 G - a scroll of random uselessness {unknown}
 H - a scroll of torment {unknown}
Potions
 a - a potion of flight
 e - 5 potions of lignification
 h - a potion of cancellation
 i - a potion of magic
 k - 3 potions of might
 m - a potion of resistance {unknown}
 t - a potion of brilliance
 I - a potion of mutation {unknown}
Comestibles
 c - 11 rations
 v - 4 chunks of flesh


   Skills:
 + Level 4.4 Fighting
 - Level 2.0 Dodging
 - Level 1.7 Stealth
 - Level 6.2 Spellcasting
 - Level 2.0 Conjurations
 * Level 5.0 Transmutations
 - Level 2.1 Ice Magic
 - Level 7.0 Earth Magic
 + Level 3.5 Invocations


You had 4 spell levels left.
You knew the following spells:

 Your Spells              Type           Power        Failure   Level  Hunger
a - Sandblast             Erth           ####..       1%          1    None
b - Passwall              Tmut/Erth      ####....     1%          2    None
c - Stone Arrow           Conj/Erth      ###...       4%          3    ##.....
d - Lee's Rapid Deconstr  Erth           ####......   16%         5    #####..
e - Freeze                Ice            ##..         4%          1    None
f - Petrify               Tmut/Erth      ####....     9%          4    ####...

Your spell library contained the following spells:

 Spells                   Type           Power        Failure   Level  Hunger


Dungeon Overview and Level Annotations

Branches:
Dungeon (8/15)             Temple (1/1) D:5
   Lair: D:8-11

Altars:
Cheibriados
Dithmenos
Elyvilon
Fedhas
Gozag
Hepliaklqana
Kikubaaqudgha
Makhleb
Nemelex Xobeh
Okawaru
Qazlal
Ru
Sif Muna
Trog
Uskayaw
Vehumet
Xom
Yredelemnul
Zin
The Shining One
Jiyva


Innate Abilities, Weirdness & Mutations

You can breathe wild blasts of lightning.
Your glossy black scales are hard. (AC +7)
You cannot fit into any form of body armour.
You are resistant to electric shocks. (rElec)
You are cold-blooded and may be slowed by cold attacks.


Message History

A jackal comes into view.
The jackal barks!
You hit the jackal.
You kill the jackal!
Sif Muna accepts your kill.
You hear a shout! 2 orcs, an orc warrior and a skeleton come into view.
The orc warrior shouts!
The orc shouts! x2
An orc comes into view. It is wielding a morningstar.
Things that are here:
a jackal corpse x2
Casting: Petrify (safe; 9% risk of failure)
Confirm with . or Enter, or press ? or * to list all spells.
Aiming: Lee's Rapid Deconstruction (quite dangerous; 16% risk of failure)
Press: ? - help, Dir - move target cursor, f - adder skeleton Fragment what (e.g. wall or brittle monster)?: an adder skeleton Vehumet does not allow the disloyal to dabble in destruction!
There is a sudden explosion of magical energy!
The explosion engulfs you!
You die...

...... ...o.
o... .## ... ..#
oZ ..## #o###
#.. #...####..
...
#####@)).....
#.#
####....)##.###.
#.#####....#####
###.#.....####
................
################


You could see an orc warrior, 3 orcs and an adder skeleton.

Vanquished Creatures
  Prince Ribbit (D:6)
  A hippogriff (D:7)
  Sigmund (D:2)
  A sky beast (D:7)
  A phantom (D:7)
  A black bear (D:8)
  Purgy (D:4)
  2 ogres
  A centaur (D:6)
  Blork the orc (D:4)
  4 bullfrogs
  5 killer bees (D:7)
  3 wights (D:7)
  3 howler monkeys (D:7)
  A centaur zombie (D:5)
  A crimson imp (D:7)
  2 bullfrog zombies (D:5)
  2 jellies
  A centaur skeleton (D:5)
  A bullfrog skeleton (D:8)
  Crazy Yiuf (D:4)
  6 orc wizards
  4 orc priests
  An iguana (D:4)
  2 worker ants
  A hound zombie (D:5)
  3 hound skeletons (D:5)
  A howler monkey skeleton (D:4)
  A worker ant zombie (D:5)
  11 adders
  2 shadow imps
  2 adder zombies
  5 dart slugs
  5 leopard geckos
  20 orcs
  5 giant cockroaches
  3 goblins
  5 hobgoblins
  7 jackals
  6 kobolds
  2 quokkas (D:7)
  3 ball pythons
  4 bats
  2 frilled lizards
  A jackal skeleton (D:4)
  2 leopard gecko skeletons
  2 leopard gecko zombies (D:5)
  2 quokka skeletons
  17 rats
160 creatures vanquished.

Vanquished Creatures (others)
  A killer bee (D:7)
  A fungus (D:4)
2 creatures vanquished.

Grand Total: 162 creatures vanquished

Notes
Turn   | Place    | Note
-------+----------+-------------------------------------------
     0 | D:1      | Folque the Draconian Earth Elementalist began the quest for
                  | the Orb.
     0 | D:1      | Reached XP level 1. HP: 14/14 MP: 3/3
    91 | D:1      | Reached XP level 2. HP: 19/20 MP: 3/5
   196 | D:1      | Learned a level 2 spell: Passwall
  1045 | D:2      | Found a sparkling altar of Nemelex Xobeh.
  1086 | D:2      | Found a hide-covered altar of Uskayaw.
  1107 | D:2      | Reached skill level 4 in Earth Magic
  1107 | D:2      | Reached XP level 3. HP: 26/26 MP: 3/6
  1112 | D:2      | Learned a level 3 spell: Stone Arrow
  1114 | D:2      | Found a white marble altar of Elyvilon.
  1237 | D:2      | Noticed Sigmund
  1617 | D:2      | Killed Sigmund
  1617 | D:2      | Reached XP level 4. HP: 6/36 MP: 1/9
  1617 | D:2      | Reached XP level 5. HP: 7/41 MP: 1/10
  1624 | D:2      | Learned a level 5 spell: Lee's Rapid Deconstruction
  2008 | D:3      | Found a faded altar of an unknown god.
  2346 | D:3      | Reached XP level 6. HP: 29/48 MP: 1/12
  2872 | D:4      | Found a sacrificial altar of Ru.
  2945 | D:4      | Noticed Purgy
  2970 | D:4      | Killed Purgy
  3032 | D:4      | Noticed Blork the orc
  3039 | D:4      | Killed Blork the orc
  3039 | D:4      | Reached skill level 5 in Earth Magic
  3205 | D:4      | Found an ancient bone altar of Kikubaaqudgha.
  3321 | D:4      | Your scales start taking on a glossy black colour.
  3321 | D:4      | Reduced skill Earth Magic to level 4
  3321 | D:4      | Reached XP level 7. HP: 44/55 MP: 3/14
  3321 | D:4      | Gained mutation: You are resistant to electric shocks.
                  | (rElec) [Black Draconian growth]
  3405 | D:4      | Found a runed door.
  3409 | D:4      | Noticed Crazy Yiuf
  3425 | D:4      | Killed Crazy Yiuf
  3768 | D:5      | Entered Level 5 of the Dungeon
  3771 | D:5      | Found a staircase to the Ecumenical Temple.
  3779 | Temple   | Entered the Ecumenical Temple
  3909 | Temple   | Became a worshipper of Vehumet
  4014 | D:5      | Reached skill level 5 in Earth Magic
  4049 | D:5      | Reached skill level 5 in Spellcasting
  4797 | D:6      | Reached * piety under Vehumet
  4797 | D:6      | Offered knowledge of Freeze by Vehumet.
  4915 | D:6      | Reached XP level 8. HP: 61/61 MP: 9/16
  4973 | D:6      | Reached skill level 6 in Earth Magic
  4981 | D:6      | Noticed Prince Ribbit
  5012 | D:6      | Killed Prince Ribbit
  5307 | D:6      | Found a shadowy altar of Dithmenos.
  5334 | D:6      | Found a stormy altar of Qazlal.
  5454 | D:6      | Found a deep blue altar of Sif Muna.
  5462 | D:6      | Learned a level 1 spell: Freeze
  5462 | D:6      | Fell from the grace of Vehumet
  5462 | D:6      | Became a worshipper of Sif Muna the Loreminder
  5517 | D:7      | Found a hazy altar of Hepliaklqana.
  5690 | D:7      | Reached skill level 7 in Earth Magic
  5696 | D:7      | Learned a level 4 spell: Petrify
  5983 | D:7      | Noticed a hippogriff
  5986 | D:7      | Reached skill level 1 in Ice Magic
  5986 | D:7      | Reached skill level 1 in Invocations
  5992 | D:7      | Killed a hippogriff
  6085 | D:7      | Reached * piety under Sif Muna
  6085 | D:7      | Reached XP level 9. HP: 33/69 MP: 3/18
  7023 | D:8      | Reached skill level 5 in Transmutations
  7031 | D:8      | Killed by the malice of Vehumet

Skill      XL: |  1  2  3  4  5  6  7  8  9 |
---------------+----------------------------+-----
Earth Magic    | 4 4 5 7 |  7.0
Fighting       | 2 3 4 |  4.4
Spellcasting   | 3 4 5 6 |  6.2
Conjurations   | 2 |  2.0
Dodging        | 2 |  2.0
Transmutations | 3 5 |  5.0
Ice Magic      | 1 2 |  2.1
Invocations    | 1 3 |  3.5
Stealth        | |  1.7

Action                   |  1- 3 |  4- 6 |  7- 9 || total
-------------------------+-------+-------+-------++-------
Melee: Unarmed           |    54 |       |       ||    54
       Tailslap          |    13 |     2 |     7 ||    22
       Short sword       |    24 |       |       ||    24
       War axe           |    26 |    65 |   145 ||   236
       Scimitar          |       |       |     2 ||     2
 Cast: Sandblast         |    23 |     9 |    24 ||    56
       Stone Arrow       |     2 |    10 |    39 ||    51
       Lee's Rapid Decon |       |     1 |    23 ||    24
       Freeze            |       |       |     1 ||     1
       Petrify           |       |       |     2 ||     2
Invok: Divine Energy     |       |       |     1 ||     1
 Abil: Breathe Lightning |       |       |     3 ||     3
Evoke: Wand              |       |       |     1 ||     1
  Use: Scroll            |     5 |     1 |    10 ||    16
       Potion            |     2 |       |     6 ||     8
 Stab: Sleeping          |     2 |     1 |       ||     3
  Eat: Chunk             |     3 |     6 |    22 ||    31
Armor: Skin              |    22 |    26 |    86 ||   134
Dodge: Dodged            |    74 |    50 |   134 ||   258
       Rpst.: Scimitar   |       |       |     2 ||     2
